 Dungeon Crawl Stone Soup version 0.29-a0-575-g0dc89cf053 (webtiles) character file.

Game seed: 18432619024636130501

3351 spaghetti the Fighter (level 9, -6/75 (81) HPs)
             Began as a Demonspawn Fighter on June 12, 2022.
             Was an Elder of Trog.
             Mangled by a wight
             ... wielding a +4 halberd
              (7 damage)
             ... on level 7 of the Dungeon.
             The game lasted 00:06:47 (5347 turns).

spaghetti the Fighter (Demonspawn Fighter)          Turns: 5347, Time: 00:06:47

HP:   -6/75 (81)    AC: 15    Str: 20    XL:     9   Next: 72%
MP:   0/9           EV: 11    Int: 10    God:    Trog [****..]
Gold: 356           SH: 10    Dex: 13    Spells: 8/8 levels left

rFire   + . .      SeeInvis .   j - +1 spear (venom) {polearm}
rCold   . . .      Faith    .   c - +0 buckler
rNeg    . . .      Spirit   +   f - +4 chain mail {rF+}
rPois   .          Reflect  .   (helmet restricted)
rElec   .          Harm     .   (no cloak)
rCorr   .          Rampage  .   (no gloves)
Will    .....                   A - +1 pair of boots
Stlth   ..........              m - amulet of magic regeneration {@e2}
HPRegen 0.22/turn               F - +4 ring of evasion
MPRegen 0.62/turn               (no ring)

@: about to teleport, on berserk cooldown, slowed, drained, very slow
A: horns 1, large bone plates 2, spiny 1, magic shield, magic regeneration
a: Renounce Religion, Berserk, Trog's Hand, Brothers in Arms


You were on level 7 of the Dungeon.
You worshipped Trog.
Trog was greatly pleased with you.
You visited 1 branch of the dungeon, and saw 7 of its levels.

You collected 356 gold pieces.


Innate Abilities, Weirdness & Mutations

You have a pair of small horns on your head.
You are mostly covered in large bone plates. (SH +6)
You are partially covered in sharp spines.
When hurt, damage is shared between your health and your magic reserves.
You regenerate magic rapidly.


   Skills:
 + Level 11.4 Fighting
 - Level 1.7 Maces & Flails
 + Level 7.6 Throwing
 - Level 2.6 Armour
 - Level 2.6 Shields


You had 8 spell levels left.
You didn't know any spells.
Your spell library contained the following spells:

 Spells                   Type           Power      Damage    Failure   Level
 Necrotize                Necr           0%         1d4       99%         1
 Vampiric Draining        Necr           0%         2d6       100%        3
 Agony                    Necr           0%         N/A       100%        5
 Fireball                 Conj/Fire      0%         3d3       100%        5
 Starburst                Conj/Fire      0%         6d3       100%        6
 Ignition                 Fire           0%         3d3       100%        8

Inventory:

Hand Weapons
 a - a +0 flail {mace}
 j - a +1 spear of venom (weapon) {polearm}
   (You found it on level 1 of the Dungeon)
Missiles
 e - 142 stones (quivered) {throwing}
 l - 5 curare-tipped darts {=fthrowing}
 p - 13 poisoned darts {throwing}
 C - a throwing net {=f!fthrowing}
 I - 3 boomerangs {throwing}
Armour
 b - a +0 scale mail
 c - a +0 buckler (worn)
 f - a +4 chain mail of fire resistance (worn)
   (You found it on level 1 of the Dungeon)
 A - a +1 pair of boots (worn)
   (You found it on level 3 of the Dungeon)
Magical Staves
 g - a staff of fire {forbidden!astaff}
   (You found it on level 1 of the Dungeon)
Jewellery
 m - an amulet of magic regeneration (around neck) {@e2}
   (You found it on level 2 of the Dungeon)
 F - a +4 ring of evasion (left hand)
   (You found it on level 5 of the Dungeon)
Wands
 o - a wand of digging (2)
   (You found it on level 4 of the Dungeon)
 K - a wand of acid (3)
   (You found it on level 6 of the Dungeon)
 L - a wand of polymorph (13)
   (You found it on level 7 of the Dungeon)
Scrolls
 i - a scroll of fear
 k - 4 scrolls of poison {!r}
 q - 3 scrolls of teleportation {@r4}
 s - 2 scrolls of enchant armour
 t - 2 scrolls of enchant weapon {unknown}
 y - a scroll of immolation {unknown}
 z - a scroll of magic mapping {unknown}
 E - a scroll of vulnerability {unknown}
 H - a scroll of fog {unknown}
Potions
 d - 3 potions of might
 h - 2 potions of mutation {unknown}
 n - 2 potions of brilliance {unknown}
 r - 5 potions of curing {unknown}
 u - a potion of flight {unknown}
 v - a potion of ambrosia {unknown}
 w - 3 potions of lignification {unknown}
 x - a potion of magic {unknown}
 B - 2 potions of berserk rage {unknown}
 D - a potion of haste {unknown}
 G - a potion of attraction {unknown}
 J - a potion of degeneration {unknown}

Dungeon Overview and Level Annotations

Branches:
Dungeon (7/15)             Temple (0/1) D:7

Altars:
Hepliaklqana
Kikubaaqudgha
Ru
Trog

Annotations:
D:4 2 transporters, chrisa4242's ghost, amateur DsCK

........................
...................####
.....#............##
.....##...........##
...#.##............#
...#)))............#
..#.....#######....#
....#.### ##...# ....#.#
#@z.# ....#.# #)††##
##..#.. ...z#z. ###.##.
#........# ..# ..
............ ..
.......<....## .
...#.......#... #..
....^...##. ... # #


You could see 3 wights.


Message History

You take 2 damage, and now have 69/121 hp.
You closely miss the howler monkey.
You feel sick.
The howler monkey hoots and howls with incredible vigour! x2
The wight barely misses you. You block the wight's attack. 😮 HP[-1]
You take 1 damage, and now have 68/121 hp.
You puncture the howler monkey!
You kill the howler monkey!
Trog accepts your kill.
You feel sick. You block the howler monkey's attack.
The wight hits you from afar with a +0 halberd!
* * * LOW HITPOINT WARNING * * *
You feel drained.
* * * LOW HITPOINT WARNING * * *
The wight is struck by your spines.
The wight hits you but does no damage. x2 😨 HP[-11] MP[-2]
You now have 120 max hp (-1).
You take 11 damage, and now have 57/120 hp.
You lost 2 mp, and now have 7/9 mp.
Unknown command.
Unknown command.
You puncture the howler monkey!
You feel sick. The howler monkey misses you. 😨 HP[-1]
You take 1 damage, and now have 56/120 hp.
You puncture the howler monkey!
You kill the howler monkey!
Trog accepts your kill.
The wight hits you from afar with a +4 halberd.
* * * LOW HITPOINT WARNING * * *
The wight closely misses you. The wight is struck by your spines.
The wight hits you with a +5 dagger.
* * * LOW HITPOINT WARNING * * *
You feel drained. 😨 HP[-8]
You now have 118 max hp (-2).
You take 8 damage, and now have 48/118 hp.
Unknown command.
You barely miss the wight.
You feel sick. You block the wight's attack. The wight hits you with a +0 mace!
* * * LOW HITPOINT WARNING * * *
The wight hits you from afar with a +0 halberd.
* * * LOW HITPOINT WARNING * * *
You block the wight's attack. 😨 HP[-9] MP[-1]
You take 9 damage, and now have 39/118 hp.
You lost 1 mp, and now have 6/9 mp.
You hit the wight.
You feel sick. The wight barely misses you. The wight closely misses you.
You block the wight's attack. 😨 HP[-1] MP[+1]
You take 1 damage, and now have 38/118 hp.
You puncture the wight!
You destroy the wight!
Trog accepts your kill.
You now have 120 max hp (+2).
You closely miss the wight. You headbutt the wight!
You feel sick.
You are no longer poisoned.
The wight closely misses you. The wight hits you but does no damage.
You block the wight's attack. 😨 HP[-1] MP[+1]
You take 1 damage, and now have 37/120 hp.
You hit the wight.
You are no longer berserk.
You are exhausted.
You feel yourself slow down.
The wight hits you from afar with a +4 halberd.
* * * LOW HITPOINT WARNING * * *
You feel drained.
* * * LOW HITPOINT WARNING * * *
You block the wight's attack.
The wight hits you but does no damage. 😨 HP[-16] MP[-2]
You now have 78 max hp (-42).
You lost 2 mp, and now have 6/9 mp.
Unknown command.
You hit the wight but do no damage. You headbutt the wight.
You block the wight's attack. The wight hits you but does no damage.
The wight closely misses you.
The wight hits you from afar with a +4 halberd!
* * * LOW HITPOINT WARNING * * *
You block the wight's attack. x2 😱 HP[-8] MP[-2]
You take 8 damage, and now have 13/78 hp.
You lost 2 mp, and now have 4/9 mp.
You hit the wight but do no damage. The wight barely misses you. x2
You block the wight's attack. 😱 HP[+1] MP[+1]
You can't see any enemies this would affect, really read the scroll of fear?
Okay, then.
As you read the scroll of teleportation {@r4}, it crumbles to dust.
You feel strangely unstable.
The wight hits you from afar with a +4 halberd.
* * * LOW HITPOINT WARNING * * *
You feel drained.
* * * LOW HITPOINT WARNING * * *
The wight hits you from afar with a +0 halberd!
* * * LOW HITPOINT WARNING * * *
You feel drained.
* * * LOW HITPOINT WARNING * * *
The wight hits you with a +0 mace.
* * * LOW HITPOINT WARNING * * *
The wight hits you from afar with a +4 halberd!
You die...

Skill      XL: |  1  2  3  4  5  6  7  8  9 |
---------------+----------------------------+-----
Fighting       | 4 5 6 7 8 10 11 | 11.4
Throwing       | 1 3 5 7 |  7.6
Maces & Flails | |  1.7
Armour         | |  2.6
Shields        | |  2.6

Action                   |  1- 3 |  4- 6 |  7- 9 || total
-------------------------+-------+-------+-------++-------
Melee: Flail             |    31 |       |       ||    31
       Spear             |    57 |   142 |   189 ||   388
       Headbutt          |       |    26 |    43 ||    69
Throw: Stone             |       |       |    19 ||    19
Invok: Berserk           |     2 |     3 |     4 ||     9
  Use: Scroll            |       |     2 |     4 ||     6
 Stab: Paralysed         |       |       |     1 ||     1
Armor: Scale mail        |    26 |       |       ||    26
       Chain mail        |    25 |    34 |    78 ||   137
Dodge: Dodged            |    47 |    15 |    66 ||   128
Block: Buckler           |    22 |    38 |    94 ||   154

Levels and vault maps discovered:
D:1:      dpeg_arrival_tiny_a, layout_basic, nicolae_ecumenical_snake_handling
D:2:      layout_rooms, basic_altar
D:3:      layout_rooms, nicolae_hepliaklqana_monster_ancestors
D:4:      layout_layer_cave, gammafunk_ghost_stat_death
D:5:      layout_basic
D:6:      layout_rooms, nicolae_ru_great_annihilating_truth, minmay_bent
D:7:      layout_rooms, mainiacjoe_overflow_alcove_4,
          gammafunk_temple_overflow_elements, minmay_temple_entry_wispy

Notes
Turn   | Place    | Note
-------+----------+-------------------------------------------
     0 | D:1      | spaghetti the Demonspawn Fighter began the quest for the
                  | Orb.
     0 | D:1      | Reached XP level 1. HP: 18/18 MP: 1/1
     0 | D:1      | magus.rc [v1.9.6]
    94 | D:1      | Found a faded altar of an unknown god.
   105 | D:1      | Prayed at the altar of an unknown god.
   105 | D:1      | Became a worshipper of Trog the Wrathful
   105 | D:1      | Reached * piety under Trog
   195 | D:1      | Gained mutation: You are partially covered in sharp spines.
                  | [demonic ancestry]
   195 | D:1      | Reached XP level 2. HP: 24/24 MP: 2/2
   380 | D:1      | Reached skill level 4 in Fighting
   645 | D:1      | Gained mutation: You regenerate magic rapidly. [demonic
                  | ancestry]
   645 | D:1      | Reached XP level 3. HP: 30/30 MP: 3/3
   798 | D:2      | Found an ancient bone altar of Kikubaaqudgha.
   825 | D:2      | Reached ** piety under Trog
   835 | D:2      | Gained mutation: You have a pair of small horns on your
                  | head. [demonic ancestry]
   835 | D:2      | Reached XP level 4. HP: 16/38 MP: 4/4
   838 | D:2      | Reached skill level 5 in Fighting
  1060 | D:2      | You fall into a shaft and drop 2 floors!
  1103 | D:4      | Found a transporter.
  1142 | D:4      | Noticed a phantom
  1154 | D:4      | Killed a phantom
  1155 | D:4      | Reached XP level 5. HP: 46/46 MP: 5/5
  1264 | D:4      | Reached skill level 6 in Fighting
  1686 | D:4      | Gained mutation: You are partially covered in large bone
                  | plates. (SH +4) [demonic ancestry]
  1686 | D:4      | Reached XP level 6. HP: 47/53 MP: 6/6
  1825 | D:4      | Reached skill level 7 in Fighting
  1890 | D:4      | Found a transporter.
  1900 | D:4      | Noticed chrisa4242's ghost (amateur DsCK)
  2596 | D:3      | You pick up a book of Necromancy {forbidden} and begin
                  | reading...
  2596 | D:3      | You add the spells Necrotize, Vampiric Draining and Agony
                  | to your library.
  2671 | D:3      | Reached *** piety under Trog
  3243 | D:3      | Found a hazy altar of Hepliaklqana.
  3317 | D:5      | Entered Level 5 of the Dungeon
  3323 | D:5      | Reached skill level 1 in Throwing
  3323 | D:5      | Gained mutation: When hurt, damage is shared between your
                  | health and your magic reserves. [demonic ancestry]
  3323 | D:5      | Reached XP level 7. HP: 61/61 MP: 7/7
  3336 | D:5      | Reached skill level 8 in Fighting
  3395 | D:5      | Reached skill level 2 in Throwing
  3408 | D:5      | HP: 11/63 [ice beast (11)]
  3788 | D:5      | Reached skill level 3 in Throwing
  4470 | D:6      | Reached XP level 8. HP: 70/70 MP: 8/8
  4477 | D:6      | Reached skill level 9 in Fighting
  4491 | D:6      | Reached skill level 4 in Throwing
  4491 | D:6      | Reached **** piety under Trog
  4507 | D:6      | Noticed a two-headed ogre
  4516 | D:6      | Killed a two-headed ogre
  4517 | D:6      | Reached skill level 10 in Fighting
  4517 | D:6      | Reached skill level 5 in Throwing
  4519 | D:6      | Gained mutation: You are mostly covered in large bone
                  | plates. (SH +6) [demonic ancestry]
  4519 | D:6      | Reached XP level 9. HP: 76/78 MP: 9/9
  4523 | D:6      | Reached skill level 6 in Throwing
  4738 | D:6      | Found a sacrificial altar of Ru.
  4898 | D:6      | You pick up a book of Fire {forbidden} and begin reading...
  4898 | D:6      | You add the spells Fireball, Starburst and Ignition to your
                  | library.
  5200 | D:7      | Found a staircase to the Ecumenical Temple.
  5271 | D:7      | Reached skill level 11 in Fighting
  5275 | D:7      | Reached skill level 7 in Throwing
  5345 | D:7      | HP: 13/78 [wight/+4 halberd (8)]
  5347 | D:7      | HP: 4/77 [wight/+0 halberd (5)]
  5347 | D:7      | HP: 1/75 [wight/+0 mace (1)]
  5347 | D:7      | Mangled by a wight

Vanquished Creatures
  A two-headed ogre (D:6)
  A water moccasin (D:7)
  2 sky beasts
  6 ogres
  2 ice beasts
  2 centaurs
  A kobold brigand (D:7)
  A phantom (D:4)
  4 necrophages
  A bullfrog (D:6)
  2 scorpions
  4 wights
  5 howler monkeys (D:7)
  2 hounds
  5 jellies
  An orc priest (D:4)
  5 iguanas
  An orc wizard (D:6)
  8 gnolls
  7 adders
  A white imp (D:5)
  An ufetubus (D:7)
  6 worms
  3 dart slugs
  16 orcs
  6 ball pythons
  10 endoplasms
  4 giant cockroaches
  6 goblins
  8 hobgoblins
  4 jackals (D:3)
  10 kobolds
  5 quokkas
  5 bats
  10 frilled lizards
  6 rats
  A spectral hobgoblin (D:3)
163 creatures vanquished.

Table legend:
 A = Non-vault XP
 B = Vault XP
 C = Vault XP percentage of total XP
 D = Non-vault monster count
 E = Vault monster count
 F = Vault count percentage of total count
                 A         B        C        D         E       F
            +---------+---------+-------+---------+---------+-------
      Total |    3569 |    1219 |  25.5 |     149 |      14 |   8.6
            +---------+---------+-------+---------+---------+-------
        D:1 |      44 |       2 |   4.3 |      23 |       1 |   4.2
        D:2 |     140 |       0 |   0.0 |      29 |       0 |   0.0
        D:3 |     126 |       3 |   2.3 |      32 |       2 |   5.9
        D:4 |     367 |       0 |   0.0 |      17 |       0 |   0.0
        D:5 |     719 |       0 |   0.0 |      17 |       0 |   0.0
        D:6 |     866 |    1214 |  58.4 |      10 |      11 |  52.4
        D:7 |    1307 |       0 |   0.0 |      21 |       0 |   0.0
            +---------+---------+-------+---------+---------+-------

Illustrated notes

Table legend:
 A = Kills in this place as a percentage of kills in entire the game.
 B = Kills by you in this place as a percentage of kills by you in the entire game.
 C = Kills by friends in this place as a percentage of kills by friends in the entire game.
 D = Other kills in this place as a percentage of other kills in the entire game.
 E = Experience gained in this place as a percentage of experience gained in the entire game.
 F = Experience gained in this place divided by the number of levels of this place that you have seen.
                   A       B       C       D       E      F
               +-------+-------+-------+-------+-------+----------------------
         Total | 100.0 | 100.0 |   N/A |   N/A | 100.0 | 684.0
       Dungeon | 100.0 | 100.0 |   N/A |   N/A | 100.0 | 684.0
               +-------+-------+-------+-------+-------+----------------------

Table legend: (Time is in decaauts)
 A = Elapsed time spent in this place.
 B = Non-inter-level travel time spent in this place.
 C = Inter-level travel time spent in this place.
 D = Time resting spent in this place.
 E = Time spent auto-exploring this place.
 F = Levels seen in this place.
 G = Mean time per level.
                   A        B        C        D        E       F      G
               +--------+--------+--------+--------+--------+-----+--------+
         Total |   5478 |   5301 |    177 |     36 |   4385 |   7 |  782.6 |
       Dungeon |   5478 |   5301 |    177 |     36 |   4385 |   7 |  782.6 |
               +--------+--------+--------+--------+--------+-----+--------+

Top non-repeatable levels by time:
     D:4: 1473 daAuts
     D:5: 1132 daAuts
     D:1: 803 daAuts
     D:6: 709 daAuts
     D:2: 645 daAuts
     D:3: 476 daAuts
     D:7: 237 daAuts
